 Dungeon Crawl Stone Soup version 0.23-a0-860-g8ff03fb (webtiles) character file.

91 Kurtgeorge the Skirmisher (level 4, 27/37 HPs)
             Began as a Formicid Abyssal Knight on Jan 27, 2019.
             Was a Believer of Lugonu.
             Quit the game on level 3 of the Dungeon.
             The game lasted 00:07:05 (2711 turns).

Kurtgeorge the Skirmisher (Formicid Abyssal Knight) Turns: 2711, Time: 00:07:06

Health: 27/37      AC:  3    Str: 17 (18) XL:     4   Next: 88%
Magic:  6/15       EV:  9    Int:  8 (11) God:    Lugonu [**....]
Gold:   94         SH:  8    Dex:  9 (10) Spells: 3/3 levels left

rFire    . . .     SeeInvis +   b - +0 whip (elec)
rCold    . . .     Gourm    .   e - +0 shield
rNeg     . . .     Faith    .   h - +0 leather armour
rPois    +         Spirit   .   (helmet unavailable)
rElec    .         Reflect  .   (no cloak)
rCorr    .         Harm     .   (no gloves)
MR       .....                  (no boots)
Stlth    +.........             (no amulet)
HPRegen  0.12/turn              i - ring of magical power (curse)
MPRegen  0.14/turn              u - ring of poison resistance

@: mildly poisoned (27 -> 24)
A: permanent stasis, dig shafts and tunnels, four strong arms, antennae 3
a: Dig, Shaft Self, Depart the Abyss, Bend Space, Renounce Religion


You were on level 3 of the Dungeon.
You worshipped Lugonu.
Lugonu was pleased with you.
You were not hungry.

You visited 1 branch of the dungeon, and saw 3 of its levels.
You visited the Abyss 1 time.

You collected 94 gold pieces.

Inventory:

Hand Weapons
 a - a +1 hand axe
 b - a +0 whip of electrocution (weapon)
Missiles
 d - 4 poisoned javelins (quivered)
Armour
 e - a +0 shield (worn)
 h - a +0 leather armour (worn)
Jewellery
 i - a cursed ring of magical power (left hand)
 j - a +6 ring of intelligence
 o - an uncursed ring of fire
 u - a ring of poison resistance (right hand)
Scrolls
 g - 2 scrolls of enchant weapon {unknown}
 k - 2 scrolls of magic mapping {unknown}
 m - 4 scrolls of identify {unknown}
 n - 2 scrolls of enchant armour {unknown}
 r - a scroll of amnesia {unknown}
Comestibles
 c - 6 rations
 s - 7 chunks of flesh


   Skills:
 + Level 3.7 Fighting
 + Level 2.6 Axes
 + Level 2.8 Armour
 + Level 1.6 Dodging
 + Level 1.9 Shields
 + Level 2.9 Invocations


You had 3 spell levels left.
You didn't know any spells.
Your spell library was empty.

Dungeon Overview and Level Annotations

Branches:
Dungeon (3/15)

Altars:
Nemelex Xobeh
Vehumet

Annotations:
D:3 Sigmund


Innate Abilities, Weirdness & Mutations

You cannot be hasted, slowed, berserked, paralysed or teleported.
You can dig through walls and to a lower floor.
Your four strong arms can wield two-handed weapons with a shield.
You have a pair of large antennae on your head. (SInv)


Message History

It was a potion of agility.
You feel agile all of a sudden.
You feel less confused. The adder misses you. Something completely misses you.
The goblin barely misses you. The adder misses you.
It was a potion of cancellation.
Your magical effects are unravelling.
You feel magically purged.
Your transformation has ended.
Your +0 whip of electrocution unmelds from your body.
Your +0 shield unmelds from your body.
Your +0 leather armour unmelds from your body.
Your cursed ring of magical power unmelds from your body.
Your ring of poison resistance unmelds from your body.
You hear the crackle of electricity.
You feel your magic capacity increase.
You feel a little less mighty now.
You feel a little less agile now. The adder bites you.
Sigmund zaps a wand.
You resist with some effort.
Quiver which item? (- for none, * to show all) (? for menu, Esc to quit)
Okay, then.
Are you sure you want to abandon this character and quit the game? (Confirm with "yes".)

##.##.......... ...# #"
............... (..###..#
#..............
.......#...g.............#.
....... ....................
.....##.....##...<..........
........ #...#.g...........
......{# # #...@S..........
)##.#..# ###g@##.........
.#..#.# #..##.......##
......# ###.......[.#...
).....# ##..รท...#........
....(.# #...###.#..####..
...>..######.### #.####
........#....#####.#
#######.........##.#
#......###....#


You could see Sigmund (invisible), an adder and 2 goblins.

Vanquished Creatures
  3 adders
  3 leopard geckos
  2 ball pythons (D:1)
  7 bats
  5 giant cockroaches
  14 goblins
  5 hobgoblins
  9 kobolds
  2 frilled lizards
  5 rats
55 creatures vanquished.

Notes
Turn   | Place    | Note
-------+----------+-------------------------------------------
     0 | Abyss:1  | Kurtgeorge the Formicid Abyssal Knight began the quest for
                  | the Orb.
     0 | Abyss:1  | Reached XP level 1. HP: 18/18 MP: 2/2
     9 | Abyss:1  | Found a corrupted altar of Lugonu.
    50 | Abyss:1  | Noticed a chaos spawn
   123 | Abyss:1  | Noticed a fire bat
   123 | Abyss:1  | Noticed a tentacled starspawn
   124 | Abyss:1  | Noticed a hungry ghost
   126 | D:1      | Escaped the Abyss
   316 | D:1      | Reached skill level 1 in Dodging
   589 | D:1      | Reached * piety under Lugonu
   589 | D:1      | Reached XP level 2. HP: 24/24 MP: 3/3
   924 | D:1      | Reached skill level 1 in Shields
  1174 | D:2      | Found a sparkling altar of Nemelex Xobeh.
  1178 | D:2      | Found a radiant altar of Vehumet.
  1180 | D:2      | Reached XP level 3. HP: 29/29 MP: 4/4
  1866 | D:2      | Reached XP level 4. HP: 33/35 MP: 5/5
  2111 | D:2      | Reached ** piety under Lugonu
  2501 | D:3      | Noticed Sigmund
  2711 | D:3      | Quit the game

Vault maps used:
D:1:      nicolae_arrival_memento_mori, wad_floor_pattern_untrapped,
          chequers_hall_statues_corner_a, minmay_tetromino_l4
D:2:      cheibrodos_greedy_goblins, grunt_temple_overflow_open
D:3:      uniq_grinder, uniq_sigmund
Abyss:1:  minivault_11, hangedman_summoners_spam

Skill      XL: |  1  2 |
---------------+-------+-----
Dodging        | 1 |  1.6
Shields        | 1 |  1.9
Fighting       | |  3.7
Axes           | |  2.6
Armour         | |  2.8
Invocations    | |  2.9

Action                   |  1- 3 |  4- 6 || total
-------------------------+-------+-------++-------
Melee: Hand axe          |    79 |       ||    79
       Whip              |    31 |    57 ||    88
       Unarmed           |       |     8 ||     8
Invok: Depart the Abyss  |     1 |       ||     1
  Use: Potion            |       |     4 ||     4
  Eat: Chunk             |     3 |     3 ||     6
Armor: Leather armour    |    37 |     9 ||    46
Dodge: Dodged            |    47 |    39 ||    86
Block: Shield            |    49 |    17 ||    66

Table legend:
 A = Non-vault XP
 B = Vault XP
 C = Vault XP percentage of total XP
 D = Non-vault monster count
 E = Vault monster count
 F = Vault count percentage of total count
                 A         B        C        D         E       F
            +---------+---------+-------+---------+---------+-------
      Total |     111 |      20 |  15.3 |      45 |      10 |  18.2
            +---------+---------+-------+---------+---------+-------
        D:1 |      26 |       2 |   7.1 |      17 |       1 |   5.6
        D:2 |      57 |      18 |  24.0 |      20 |       9 |  31.0
        D:3 |      28 |       0 |   0.0 |       8 |       0 |   0.0
            +---------+---------+-------+---------+---------+-------
